 Adventure DCSS version bcrawl-1.19-7-g22fd707d3b (webtiles) character file.

Game seed: 10570596296053018337

8429 Leeroy the Blocker (level 11, -3/71 HPs)
             Began as a Skeleton Reaver on Nov 16, 2019.
             Was an Elder of Vehumet.
             Slain by a freezing wraith (11 damage)
             ... on level 12 of the Dungeon.
             The game lasted 00:53:45 (17095 turns).

Leeroy the Blocker (Skeleton Reaver)               Turns: 17095, Time: 00:53:46

Health: -3/71      AC: 11    Str: 18      XL:     11   Next: 9%
Magic:  0/18       EV: 13    Int: 14 (16) God:    Vehumet [****..]
Gold:   833        SH: 15    Dex: 11      Spells: 5/20 levels left
                                        Lives:  0   Deaths: 2

rFire    . . .     SeeInvis .   a - +0 long sword
rCold    + . .     Gourm    .   J - +2 shield
rNeg     + + +     Faith    .   b - +0 steam dragon scales
rPois    ∞         Spirit   +   (no helmet)
rElec    .         Reflect  .   L - +2 ratskin cloak {+Rats rN+}
rCorr    .         Harm     .   d - +0 pair of gloves
MR       +....                  A - +0 pair of boots
Stlth    +++.......             (no amulet)
HPRegen  0.21/turn              n - +2 ring of intelligence
MPRegen  0.16/turn              F - +2 ring of dexterity

@: about to teleport, slowed, very slow
A: no food or potions, cold resistance 1, deterioration 1, negative energy
resistance 3, powered by death 1, torment resistance, unbreathing, magic shield,
sturdy frame 2, spell healing
a: Renounce Religion, Evoke Ratskin


You were on level 12 of the Dungeon.
You worshipped Vehumet.
Vehumet was greatly pleased with you.
You were not hungry.

You visited 2 branches of the dungeon, and saw 13 of its levels.

You collected 833 gold pieces.

Inventory:

Hand Weapons
 a - a +0 long sword (weapon)
 h - a +1 dagger of protection
 r - a +1 trident of venom
 B - a +2 flail of protection
 I - a +2 trident of venom
 N - a +2 whip of venom
 O - a +0 dagger of draining
 V - a +0 rapier
 W - a +3 short sword of freezing
 Z - a +2 lajatang of pain
Missiles
 x - 316 tomahawks
 y - 2454 stones
 H - 341 poisoned needles
 K - 2 throwing nets {!f}
 P - 145 javelins (quivered)
Armour
 b - +0 steam dragon scales (worn)
 d - a +0 pair of gloves (worn)
 v - a +2 robe of positive energy
 A - a +0 pair of boots (worn)
 J - a +2 shield (worn)
 L - the +2 ratskin cloak (worn) {+Rats rN+}
   (You found it on level 8 of the Dungeon)

   It protects you from negative energy.
 Q - a +0 plate armour
 U - a scarf of stasis
Magical Staves
 Y - an uncursed staff of air
Jewellery
 m - an uncursed amulet of guardian spirit
 n - a +2 ring of intelligence (left hand)
 q - an uncursed ring of protection from fire
 E - the ring of Mistrust {EV+2 Str+5 Int-5}
   (You found it on level 7 of the Dungeon)

   [ring of evasion]

   It affects your evasion (+2).
   It affects your strength (+5).
   It affects your intelligence (-5).
 F - a +2 ring of dexterity (right hand)
Wands
 e - a wand of flame (14)
 f - a wand of digging (12)
 k - a wand of paralysis (9)
 t - a wand of enslavement (6)
 C - a wand of polymorph (18)
 G - a wand of iceblast (6)
 S - a wand of random effects (11)
Scrolls
 c - 2 scrolls of immolation
 g - a scroll of identify
 l - a scroll of fog {unknown}
 o - 2 scrolls of amnesia
 p - 7 scrolls of remove curse
 u - 2 scrolls of enchant armour {unknown}
 w - a scroll of teleportation
 z - a scroll of brand weapon {unknown}
 D - 2 scrolls of fear
 R - a scroll of acquirement {unknown}
 T - 2 scrolls of vulnerability {unknown}
Miscellaneous
 M - a fan of gales (inert)


   Skills:
 + Level 9.4 Fighting
 - Level 8.2 Long Blades
 * Level 0.2 Staves
 - Level 4.2 Armour
 - Level 6.0 Dodging
 - Level 6.0 Stealth
 - Level 10.1 Shields
 - Level 5.1 Spellcasting
 - Level 5.2 Conjurations
 - Level 3.3 Hexes
 - Level 4.1 Charms
 - Level 0.3 Air Magic
 - Level 0.3 Poison Magic


You had 5 spell levels left.
You knew the following spells:

 Your Spells              Type           Power        Failure   Level  Hunger
a - Freeze                Ice            #.....       9%          1    N/A
b - Mephitic Cloud        Conj/Pois/Air  #.......     12%         3    N/A
c - Dazzling Spray        Conj/Hex       ###...       4%          3    N/A
d - Iskenderun's Mystic   Conj           ###.....     3%          3    N/A
e - Iskenderun's Battles  Conj/Chrm      ###.....     32%         5    N/A

Your spell library contained the following spells:

 Spells                   Type           Power        Failure   Level  Hunger
 Fulminant Prism          Conj/Hex       ###.......   16%         4    N/A

Dungeon Overview and Level Annotations

Branches:
Dungeon (12/12)            Temple (1/1) D:6            Lair (0/6) D:8
    Orc (0/1) D:11
 Vaults: D:11-12     Depths: D:12

Altars:
Ashenzari
Cheibriados
Dithmenos
Elyvilon
Fedhas
Gozag
Hepliaklqana
Kikubaaqudgha
Lugonu
Makhleb
Nemelex Xobeh
Okawaru
Qazlal
Ru
Sif Muna
Trog
Uskayaw
Vehumet
Wu Jian
Xom
Yredelemnul
Zin
The Shining One

Shops:
D:12 [


Innate Abilities, Weirdness & Mutations

You do not eat or drink.
You are immune to poison.
Your flesh is cold resistant. (rC+)
Your body sometimes deteriorates upon taking damage.
You are immune to negative energy. (rN+++)
You regenerate a little health from kills.
You are immune to unholy pain and torment.
You can survive without breathing.
When hurt, damage is shared between your health and your magic reserves.
Your movements are less encumbered by armour. (ER -4)
Casting spells heals you.


Message History

The freezing wraith drains your vigour!
You feel yourself slow down.
Casting: Dazzling Spray (safe; 4% risk of failure)
Confirm with . or Enter, or press ? or * to list all spells.
Aiming: Dazzling Spray (safe; 4% risk of failure)
Press: ? - help, Shift-Dir - straight line, f/p - freezing wraith
Aim: a freezing wraith (severely damaged)
The spray of energy hits the freezing wraith.
The freezing wraith is severely damaged.
The freezing wraith hits you but does no damage.
You block the freezing wraith's attack. The freezing wraith hits you!
* * * LOW HITPOINT WARNING * * *
Your body deteriorates!
You feel dopey. The freezing wraith freezes you! You resist.
* * * LOW HITPOINT WARNING * * *
The freezing wraith barely misses you.
As you read the scroll of teleportation, it crumbles to dust.
You feel strangely unstable.
The freezing wraith hits you but does no damage.
The freezing wraith hits you!
You die...

#..# ######.###
.... #...##)..#
#..# #......###
#..# ##...##.# #..#
#.....#.#
#..#######.....#.##
#..##.............#
#..##.####.....#W##
......# #.....#@#
#..#### ###.###.#
#..... ...# #..
.[.#### ##### ####
####


You could see a freezing wraith.

Vanquished Creatures
  Harold (D:8)
  A centaur warrior (D:11)
  2 two-headed ogres
  A manticore (D:11)
  An ugly thing (D:10)
  The ghost of PainCeiling the Sneak, a novice NaSA of Cheibriados (D:6)
  3 centaur skeletons
  4 trolls
  2 hippogriffs
  Sigmund (D:3)
  A spriggan (D:9)
  A wyvern (D:7)
  A yak (D:8)
  A shadow (D:10)
  A hungry ghost (D:10)
  2 sky beasts
  2 ice beasts
  2 orc warriors
  2 black bears
  3 phantoms
  3 ogres
  2 centaurs
  A big kobold (D:9)
  7 bullfrogs
  A scorpion (D:9)
  3 wights (D:10)
  4 howler monkeys
  4 crimson imps
  A quasit (D:6)
  6 orc priests
  A centaur zombie (D:4)
  A bullfrog zombie (D:8)
  3 hounds
  A jelly (D:10)
  10 orc wizards
  An iguana (D:8)
  8 worker ants
  3 hell rats (D:8)
  A killer bee zombie (D:7)
  A hound skeleton (D:8)
  A worker ant zombie (D:9)
  13 adders
  4 river rats (D:8)
  A shadow imp (D:5)
  5 oozes
  5 worms
  3 dart slugs
  6 leopard geckos
  52 orcs
  5 bats
  A giant cockroach (D:4)
  16 hobgoblins
  8 jackals
  9 kobolds
  A quokka (D:2)
  2 ball pythons
  4 frilled lizards
  6 goblins
  A quokka zombie (D:6)
  19 rats
257 creatures vanquished.

Vanquished Creatures (others)
  An acid dragon (D:8)
  A jelly (D:8)
  A quokka (D:6)
  13 fungi (D:8)
  6 plants (D:8)
22 creatures vanquished.

Grand Total: 279 creatures vanquished

Notes
Turn   | Place    | Note
-------+----------+-------------------------------------------
     0 | D:1      | Leeroy the Skeleton Reaver began the quest for the Orb.
     0 | D:1      | Reached XP level 1. HP: 14/14 MP: 4/4
   122 | D:1      | Reached XP level 2. HP: 19/19 MP: 6/6
   451 | D:1      | Reached skill level 5 in Long Blades
   459 | D:1      | Reached * piety under Vehumet
   459 | D:1      | Offered knowledge of Freeze by Vehumet.
   469 | D:1      | Reached XP level 3. HP: 17/23 MP: 5/7
  1395 | D:2      | Reached XP level 4. HP: 23/28 MP: 5/8
  1859 | D:1      | Learned a level 1 spell: Freeze
  3118 | D:3      | Reached XP level 5. HP: 32/32 MP: 9/9
  3226 | D:3      | Noticed Sigmund
  3276 | D:4      | Reached ** piety under Vehumet
  3276 | D:4      | Offered knowledge of Sandblast by Vehumet.
  3349 | D:4      | Noticed a troll
  3461 | D:4      | Found a snail-covered altar of Cheibriados.
  3610 | D:3      | Gained mutation: You regenerate a little health from kills.
                  | [Skeleton growth]
  3610 | D:3      | Reached XP level 6. HP: 37/37 MP: 10/10
  3713 | D:3      | Reached skill level 1 in Armour
  4483 | D:5      | Entered Level 5 of the Dungeon
  5304 | D:5      | Noticed an ice beast
  5325 | D:5      | Killed an ice beast
  5325 | D:5      | Offered knowledge of Mephitic Cloud by Vehumet.
  5325 | D:5      | Reached XP level 7. HP: 18/41 MP: 7/11
  5330 | D:5      | Learned a level 3 spell: Mephitic Cloud
  5657 | D:3      | Found a blossoming altar of Fedhas.
  5694 | D:3      | Killed Sigmund
  5694 | D:3      | Reached skill level 5 in Dodging
  5874 | D:5      | Found a glowing silver altar of Zin.
  5920 | D:5      | Found a white marble altar of Elyvilon.
  6108 | D:5      | Found a shimmering blue altar of Sif Muna.
  6375 | D:5      | Found a basalt altar of Yredelemnul.
  6387 | D:5      | Reached XP level 8. HP: 36/46 MP: 10/12
  6540 | D:6      | Noticed a hippogriff
  6580 | D:6      | Found a large runed translucent door.
  6581 | D:6      | Found a large runed translucent door.
  6616 | D:6      | Noticed PainCeiling's ghost (novice NaSA)
  6703 | D:6      | Found a staircase to the Ecumenical Temple.
  6749 | Temple   | Entered the Ecumenical Temple
  7134 | D:6      | Reached *** piety under Vehumet
  7151 | D:6      | Reached skill level 5 in Stealth
  7670 | D:7      | HP: 2/46 [black bear (17)]
  8118 | D:7      | Noticed a hippogriff
  8179 | D:7      | Got a clouded steel ring
  8377 | D:7      | Reached skill level 5 in Conjurations
  8619 | D:8      | Found a stormy altar of Qazlal.
  8681 | D:8      | Found a radiant altar of Vehumet.
  8690 | D:8      | Offered knowledge of Dazzling Spray by Vehumet.
  8704 | D:8      | Learned a level 3 spell: Dazzling Spray
  8744 | D:8      | Reached XP level 9. HP: 49/52 MP: 13/13
  8878 | D:8      | Noticed Harold
  8889 | D:8      | Slain by Harold
  8890 | D:8      | Reached XP level 8. HP: -4/48 MP: 0/12
  9028 | D:8      | Slain by a hell rat
  9029 | D:8      | Reached XP level 7. HP: -2/44 MP: 0/11
  9036 | D:8      | Reached skill level 5 in Fighting
  9061 | D:8      | Noticed a yak
  9882 | D:6      | Found a white marble altar of Elyvilon.
  9967 | D:6      | Killed a hippogriff
  9967 | D:6      | Reached XP level 8. HP: 44/52 MP: 10/12
 10827 | D:8      | Killed Harold
 11019 | D:8      | Noticed a troll
 11060 | D:9      | Noticed a two-headed ogre
 11070 | D:8      | Reached skill level 1 in Shields
 11177 | D:8      | Reached skill level 2 in Shields
 11311 | D:8      | Killed a troll
 11311 | D:8      | Reached skill level 3 in Shields
 11311 | D:8      | Reached XP level 9. HP: 38/60 MP: 7/13
 11331 | D:8      | Reached skill level 4 in Shields
 11570 | D:8      | Reached **** piety under Vehumet
 11623 | D:8      | Found a staircase to the Lair.
 11677 | D:9      | Noticed a troll
 11705 | D:9      | Reached skill level 5 in Shields
 11855 | D:9      | Offered knowledge of Iskenderun's Mystic Blast by Vehumet.
 11887 | D:8      | Found a radiant altar of Vehumet.
 12006 | D:8      | Killed a troll
 12006 | D:8      | Reached skill level 6 in Shields
 12117 | D:8      | Found the +2 ratskin cloak {+Rats rN+}
 12394 | D:9      | Killed a two-headed ogre
 12394 | D:9      | Reached skill level 8 in Shields
 12472 | D:9      | Gained mutation: Your movements are less encumbered by
                  | armour. (ER -4) [Skeleton growth]
 12472 | D:9      | Reached XP level 10. HP: 65/65 MP: 14/14
 12481 | D:9      | Learned a level 3 spell: Iskenderun's Mystic Blast
 12836 | D:10     | Entered Level 10 of the Dungeon
 12884 | D:10     | Reached skill level 9 in Shields
 12935 | D:10     | Noticed a white ugly thing
 12968 | D:10     | Killed a white ugly thing
 12999 | D:10     | Reached skill level 10 in Shields
 13198 | D:10     | Reached ***** piety under Vehumet
 13273 | D:10     | Noticed a cyclops
 13398 | D:10     | Learned a level 5 spell: Iskenderun's Battlesphere
 13408 | D:10     | Offered knowledge of Fulminant Prism by Vehumet.
 13428 | D:10     | Reached skill level 1 in Charms
 14003 | D:11     | Identified the ring of Mistrust {EV+2 Str+5 Int-5} (You
                  | found it on level 7 of the Dungeon)
 14031 | D:11     | Noticed a tengu warrior
 14047 | D:11     | Noticed a centaur warrior
 15252 | D:6      | Killed PainCeiling's ghost
 15766 | D:11     | Found a staircase to the Orcish Mines.
 15812 | D:11     | Noticed a manticore
 15814 | D:11     | Noticed a two-headed ogre
 15825 | D:11     | Killed a centaur warrior
 15832 | D:11     | Killed a two-headed ogre
 15843 | D:11     | Killed a manticore
 15843 | D:11     | Reached XP level 11. HP: 61/71 MP: 6/18
 16345 | D:11     | Reached skill level 5 in Spellcasting
 16588 | D:11     | Noticed a cyclops
 16611 | D:12     | Entered Level 12 of the Dungeon
 16883 | D:12     | Found an opulent altar of Gozag.
 17048 | D:12     | Found Xiybuejy's Armour Shoppe.
 17095 | D:12     | Slain by a freezing wraith

Skill      XL: |  1  2  3  4  5  6  7  8  9 10 11 |
---------------+----------------------------------+-----
Long Blades    | 4 5 6 8 |  8.2
Armour         | 4 |  4.2
Dodging        | 6 |  6.0
Stealth        | 2 6 |  6.0
Conjurations   | 5 |  5.2
Fighting       | 6 8 9 |  9.4
Shields        | 3 8 10 | 10.1
Hexes          | 3 |  3.3
Charms         | 4 |  4.1
Spellcasting   | 4 5 |  5.1
Staves         | |  0.2
Air Magic      | |  0.3
Poison Magic   | |  0.3

Action                   |  1- 3 |  4- 6 |  7- 9 | 10-12 || total
-------------------------+-------+-------+-------+-------++-------
Melee: Long sword        |   150 |   304 |   340 |   123 ||   917
       Dagger            |       |       |    52 |    89 ||   141
       Trident           |       |       |   189 |   161 ||   350
       Flail             |       |       |     3 |       ||     3
       Short sword       |       |       |       |   117 ||   117
Throw: Javelin           |       |       |     1 |     1 ||     2
 Cast: Freeze            |       |     1 |     1 |       ||     2
       Mephitic Cloud    |       |       |    20 |    15 ||    35
       Iskenderun's Myst |       |       |       |     9 ||     9
       Dazzling Spray    |       |       |       |     4 ||     4
Evoke: Fan of gales      |       |       |       |     1 ||     1
       Wand              |       |       |       |     2 ||     2
  Use: Scroll            |       |       |     7 |    10 ||    17
 Stab: Sleeping          |       |       |    10 |     5 ||    15
       Confused          |       |       |     9 |    15 ||    24
       Distracted        |       |       |     1 |       ||     1
Armor: Steam dragon scal |    50 |    76 |   201 |   104 ||   431
Dodge: Dodged            |   100 |   152 |   445 |   154 ||   851
Block: Other             |       |     6 |     7 |       ||    13
       Shield            |       |       |       |   277 ||   277
